 Dungeon Crawl Stone Soup version 0.20.1-1-g8b1a95d (webtiles) character file.

19 ANON1729 the Insei (level 2, -2/18 HPs)
             Began as an Octopode Transmuter on Aug 23, 2017.
             Slain by a kobold
             ... wielding a +1 short sword of draining
              (5 damage)
             ... on level 2 of the Dungeon.
             The game lasted 00:01:45 (861 turns).

ANON1729 the Insei (Octopode Transmuter)             Turns: 861, Time: 00:01:46

Health: -2/18      AC:  1    Str:  9    XL:     2   Next: 75%
Magic:  4/5        EV: 13    Int: 15    God:
Gold:   75         SH:  0    Dex: 12    Spells: 4/5 levels left

rFire    . . .     SeeInvis .     - Unarmed
rCold    . . .     Gourm    .   (no shield)
rNeg     . . .     Faith    .   (helmet restricted)
rPois    .         Spirit   .   (no amulet)
rElec    .         Reflect  .   (no ring)
rCorr    .         Harm     .   (no ring)
MR       .....                  (no ring)
Stlth    ++........             (no ring)
Regen    0.1/turn               (no ring)
MPRegen  0.1/turn               (no ring)
                                (no ring)
                                (no ring)

@: appendage, drained
A: almost no armour, stealthy swim, amphibious, 8 rings, constrict 8, tentacle
spike 3, camouflage 1, gelatinous body 1
a: End Transformation


You were on level 2 of the Dungeon.
You were not hungry.
One of your tentacles had a temporary spike.
You visited 1 branch of the dungeon, and saw 2 of its levels.

You collected 75 gold pieces.

Inventory:

Missiles
 a - 79 arrows
Scrolls
 e - 3 scrolls of blinking {unknown}
 i - a scroll of immolation {unknown}
 j - a scroll of identify {unknown}
Potions
 h - a potion of brilliance {unknown}
 k - 2 potions of curing {unknown}
Books
 b - a book of Changes

   Spells                             Type                      Level
   a - Beastly Appendage              Transmutation                1
   b - Sticks to Snakes               Transmutation                2
   c - Spider Form                    Transmutation/Poison         3
   d - Ice Form                       Ice/Transmutation            4
   e - Blade Hands                    Transmutation                5
Comestibles
 c - a bread ration
 d - 2 fruits
 g - 2 meat rations


   Skills:
 - Level 1.0(0.2) Fighting
 - Level 2.0(1.2) Dodging
 + Level 3.3(2.5) Unarmed Combat
 + Level 2.3(1.6) Spellcasting
 + Level 2.4(1.6) Transmutations


You had 4 spell levels left.
You knew the following spells:

 Your Spells              Type           Power        Failure   Level  Hunger
a - Beastly Appendage     Tmut           #.....       12%         1    ##.....


Dungeon Overview and Level Annotations

Branches:
Dungeon (2/15)

Altars:


Innate Abilities, Weirdness & Mutations

You cannot wear most types of armour.
You are very stealthy in the water. (Stealth+)
You are amphibious.
You can wear up to eight rings at the same time.
You can use your tentacles to constrict eight enemies at once.
Your skin changes colour to match your surroundings (Stealth+).
Your rubbery body absorbs attacks. (AC +1, EV +1)
One of your tentacles bears a large vicious spike.


Message History

The kobold is moderately wounded.
You constrict the kobold.
The kobold hits you with a short sword of draining.
* * * LOW HITPOINT WARNING * * *
You feel drained.
* * * LOW HITPOINT WARNING * * *
You release your grip on the kobold.
Sorry, you're not good enough to have a special ability.
Casting: Beastly Appendage
Confirm with . or Enter, or press ? or * to list all spells.
One of your tentacles grows a vicious spike.
The kobold barely misses you.
You closely miss the kobold. Your grab misses the kobold.
Your tentacle spike misses the kobold.
The kobold is severely wounded.
The kobold hits you but does no damage.
You feel drained.
You completely miss the kobold. Your grab misses the kobold.
The kobold is severely wounded.
The kobold hits you with a short sword of draining.
You die...

#..# ##.# #.##
#..# #.####.##.#
#.......#.#
#......s#.#
#.....#K#.#
#.....#@#.#
#######...#
#...######
#..>......
#.########
#.################
#.................
##################


You could see a giant cockroach and a kobold.

Vanquished Creatures
  A dart slug (D:1)
  A leopard gecko (D:1)
  2 bats (D:1)
  4 goblins (D:1)
  2 hobgoblins (D:1)
  A ball python (D:1)
  2 frilled lizards (D:1)
  A kobold (D:1)
  2 rats (D:1)
16 creatures vanquished.

Notes
Turn   | Place    | Note
-------+----------+-------------------------------------------
     0 | D:1      | ANON1729 the Octopode Transmuter began the quest for the Orb.
     0 | D:1      | Reached XP level 1. HP: 13/13 MP: 3/3
   105 | D:1      | Reached XP level 2. HP: 12/18 MP: 5/5
   861 | D:2      | Slain by a kobold

Action                   || total
-------------------------++-------
Melee: Unarmed           ||    35
       Constrict         ||    10
       Tentacles         ||     6
 Cast: Beastly Appendage ||     1
 Stab: Sleeping          ||     5
Armor: Skin              ||     1
Dodge: Dodged            ||    20
